 Dungeon Crawl Stone Soup version 0.30-a0-782-ge64f9170bb (webtiles) character file.

Game seed: 12701584286705549040

14 Leeroy the Slasher (level 2, 24/24 HPs)
             Began as a Merfolk Monk on Feb 23, 2023.
             Got out of the dungeon alive.
             The game lasted 00:00:37 (500 turns).

Leeroy the Slasher (Merfolk Monk)                    Turns: 500, Time: 00:00:38

Health: 24/24      AC:  3    Str: 11    XL:     2   Next: 41%
Magic:  2/2        EV: 13    Int:  9    God:
Gold:   15         SH:  0    Dex: 16    Spells: 1/1 levels left

rFire   . . .      SeeInvis .    a - +0 falchion
rCold   . . .      Faith    .    (no shield)
rNeg    . . .      Spirit   .    b - +0 robe
rPois   .          Reflect  .    g - +0 helmet
rElec   .          Harm     .    (no cloak)
rCorr   .          Rampage  .    (no gloves)
Will    .....                    (no boots)
Stlth   ++                       (no amulet)
HPRegen 0.24/turn                (no ring)
MPRegen 0.08/turn                (no ring)

@: no status effects
A: (nimble swimmer 2), mertail
a: no special abilities


You escaped.
You visited 1 branch of the dungeon, and saw 1 of its levels.

You collected 15 gold pieces.

Inventory:

Hand Weapons
 a - a +0 falchion (weapon)
Missiles
 f - 6 atropa-tipped darts (quivered)
Armour
 b - a +0 robe (worn)
 g - a +0 helmet (worn)
Potions
 c - a potion of ambrosia
 d - a potion of might {unknown}
 e - a potion of lignification {unknown}


   Skills:
 - Level 3.2 Fighting
 + Level 4.5 Long Blades
 - Level 4.0 Dodging
 - Level 2.1 Stealth


You had one spell level left.
You didn't know any spells.
Your spell library contained the following spells:

 Spells                   Type           Power      Damage    Failure   Level
 Ensorcelled Hibernation  Hex/Ice        0%         N/A       52%         2
 Inner Flame              Hex/Fire       0%         N/A       77%         3
 Spider Form              Tmut/Pois      0%         N/A       77%         3
 Anguish                  Hex/Necr       0%         N/A       99%         4
 Cause Fear               Hex            0%         N/A       99%         4
 Discord                  Hex            0%         N/A       100%        8


Dungeon Overview and Level Annotations

Branches:
Dungeon (1/15)

Altars:


Innate Abilities, Weirdness & Mutations

((You are very nimble when in or above water. (Stealth+, EV+, Speed+++)))
Your lower body shifts to a powerful aquatic tail in water.


Message History

The bat misses you.
You barely miss the bat. The bat closely misses you.
The bat closely misses you. The bat barely misses you.
The bat hits you but does no damage. The bat barely misses you. x2
You closely miss the bat. The bat hits you. The bat closely misses you.
You hit the bat.
You kill the bat!
No target in view!
No target in view!
No target in view!
No target in view!
Found a club.
You see here a +0 club.
There is an empty arch of ancient stone here.
There is an empty arch of ancient stone here.
An endoplasm comes into view.
The endoplasm quivers.
An endoplasm is nearby!
A rat comes into view.
The endoplasm jiggles.
Found a pink potion.
The rat closely misses you.
You hit the rat.
You kill the rat!
You hit the endoplasm but do no damage. The endoplasm freezes you.
You are frozen.
You slash the endoplasm!
You kill the endoplasm!
No target in view!
No target in view!
No target in view!
No target in view!
Found a faded altar of an unknown god.
You see here a +0 ring mail.
There is an open door here.
There is a staircase leading out of the dungeon here.
Are you sure you want to leave the Dungeon?
This will make you lose the game!
You have escaped!

###...#####.#####.### #.#
##.#.#...#.#...#...###.#
##..#.#...#.'.>.#.#.##..#
#########...#.#...#.#...#.#.#....
.).>..........##'##.#####........
######.#...#.............#.#...#
#.##.##.#####.##'##...##.##
###.####..#...#.#...#..######
#.........#.@.'.#...#..# #
#.#.###.#.#...#.#...#..# #
#.#.###.#.#####.#####..# #
#.#...#.#.............## #
#........####..#.###### #
.###.#..# #.......# # #.###.#..#
#.......#### #
#........####..........# #
#.###...........[##.##.######


There were no monsters in sight!

Vanquished Creatures
  A ball python (D:1)
  A bat (D:1)
  2 endoplasms (D:1)
  2 goblins (D:1)
  A hobgoblin (D:1)
  3 frilled lizards (D:1)
  A kobold (D:1)
  2 rats (D:1)
13 creatures vanquished.

Notes
Turn   | Place    | Note
-------+----------+-------------------------------------------
     0 | D:1      | Leeroy the Merfolk Monk began the quest for the Orb.
     0 | D:1      | Reached XP level 1. HP: 18/18 MP: 1/1
   268 | D:1      | Reached XP level 2. HP: 19/24 MP: 2/2
   442 | D:1      | Found a faded altar of an unknown god.
   500 | D:$      | Got out of the dungeon alive.

Illustrated notes

Levels and vault maps discovered:
D:1:      minmay_arrival_four_houses, layout_loops_corners,
          hellmonk_ecumenical_altar_arch_garden

Skill      XL: |  1 |
---------------+----+-----
Long Blades    | 4 |  4.5
Fighting       | |  3.2
Dodging        | |  4.0
Stealth        | |  2.1

Action                     || total
---------------------------++-------
  Melee: Falchion          ||    31
 Armour: Robe              ||     4
  Dodge: Dodged            ||    18

Table legend: (Time is in decaauts)
 A = Elapsed time spent in this place.
 B = Non-inter-level travel time spent in this place.
 C = Inter-level travel time spent in this place.
 D = Time resting spent in this place.
 E = Time spent auto-exploring this place.
 F = Levels seen in this place.
 G = Mean time per level.
                   A        B        C        D        E       F      G
               +--------+--------+--------+--------+--------+-----+--------+
         Total |    502 |    444 |     58 |      0 |    347 |   1 |  502.0 |
       Dungeon |    502 |    444 |     58 |      0 |    347 |   1 |  502.0 |
               +--------+--------+--------+--------+--------+-----+--------+

Top non-repeatable levels by time:
     D:1: 502 daAuts
